 Dungeon Crawl Stone Soup version 0.32-a0-981-g384da2ce10 (webtiles) character file.

Game seed: 332139513344954165

326 GiantSquids the Changeling (level 6, -7/57 HPs)
             Began as an Octopode Shapeshifter on Apr 21, 2024.
             Was an Initiate of Gozag.
             Splashed by a jelly's acid (8 damage)
             ... on level 4 of the Dungeon.
             The game lasted 00:07:21 (2864 turns).

GiantSquids the Changeling (Octopode Shapeshifter)  Turns: 2864, Time: 00:07:21

Health: -7/57      AC: 11    Str: 21    XL:     6   Next: 49%
Magic:  6/6        EV:  2    Int: 12    God:    Gozag
Gold:   265        SH:  0    Dex: 12    Spells: 5/5 levels left

rFire   . .          .
                       - Unarmed
rCold   + . .        (no shield)
rNeg    . . .        (helmet currently unavailable)
rPois   +            (no amulet)
rElec   .            k - ring of protection from cold
rCorr   .            e - +6 ring of strength
SInv    .            (no ring)
Will    +....        (no ring)
Stlth   ++           (no ring)
HPRegen 0.29/turn    (no ring)
MPRegen 0.10/turn    (no ring)
                     (no ring)

%: no passive effects
@: tree-form, corroded
A: stationary, stasis, torment immunity, boosted hp, almost no armour,
(amphibious), 8 rings, (camouflage 1), (gelatinous body 1), (nimble swimmer 1),
(tentacles), strong-willed 1, MP-powered wands
a: Renounce Religion, Potion Petition, Call Merchant, Bribe Branch


You were on level 4 of the Dungeon.
You worshipped Gozag.
Gozag was aware of your devotion.
You were a tree.
You visited 1 branch of the dungeon, and saw 4 of its levels.

You collected 309 gold pieces.
You paid 44 gold pieces to Gozag.

Inventory:

Magical Staves
 q - a staff of alchemy
Jewellery
 e - a +6 ring of strength (right branch)
 k - a ring of protection from cold (left branch)
Talismans
 b - a beast talisman (active)
 c - a flux talisman
Wands
 t - a wand of acid (7)
Scrolls
 d - a scroll of fog
 f - a scroll of acquirement {unknown}
 g - a scroll of enchant weapon
 m - a scroll of revelation
 o - a scroll of enchant armour
 r - a scroll of blinking
Potions
 i - a potion of heal wounds
 j - a potion of invisibility
 l - 3 potions of curing
 n - a potion of resistance
 p - 2 potions of enlightenment


   Skills:
 - Level 1.0 Fighting
 - Level 2.0 Dodging
 - Level 4.0 Stealth
 - Level 3.0 Unarmed Combat
 * Level 6.0 Shapeshifting


You had 5 spell levels left.
You didn't know any spells.
Your spell library contained the following spells:

 Spells                   Type           Power      Damage    Failure   Level
 Lesser Beckoning         Tloc           0%         N/A       45%         2
 Maxwell's Portable Pile  Tloc           0%         2d(5-13)  69%         3
 Sigil of Binding         Hex            0%         N/A       69%         3
 Teleport Other           Tloc           0%         N/A       69%         3
 Anguish                  Hex/Necr       0%         N/A       97%         4
 Cause Fear               Hex            0%         N/A       97%         4
 Enfeeble                 Hex            0%         N/A       100%        7


Dungeon Overview and Level Annotations

Branches:
Dungeon (4/15)
 Temple: D:4-7

Altars:
Cheibriados
Gozag

Annotations:
D:3 3 runed translucent doors, CathCeilingFan's ghost, amateur GrFE; bakla's ghost, weakling OpEE


Innate Abilities, Weirdness & Mutations

You are a tree.
Your roots penetrate the ground, keeping you stationary.
You cannot be teleported.
You are immune to unholy pain and torment.
Your maximum health is greatly increased.
You cannot wear most types of armour.
((You are amphibious.))
You can wear up to eight rings at the same time.
((Your skin changes colour to match your surroundings (Stealth+).))
((Your rubbery body absorbs attacks. (AC +1, EV +1)))
((You are camouflaged when in or above water. (Stealth+)))
((You have tentacles for arms and can constrict up to eight enemies at once.))
You are strong-willed. (Will+)
You expend magic power (3 MP) to strengthen your wands.


Message History

You grab Grinder. You squeeze Grinder!
Grinder is moderately wounded.
You constrict Grinder. Grinder hits you.
You tentacle-slap Grinder.
Grinder is heavily wounded.
You constrict Grinder. Grinder closely misses you.
You tentacle-slap Grinder. x2; You squeeze Grinder!
You kill Grinder!
Training target 4.0 for Stealth reached!
Your Stealth skill increases to level 4!
Your Shapeshifting skill gained 2 levels and is now at level 6!
You have reached level 6!
You now have 265 gold pieces (gained 6).
HP restored.
A jelly comes into view.
The jelly quivers.
The jelly hits you. The acid corrodes you!
You are splashed with acid!
You bludgeon the jelly!
Your tentacles burn!
The jelly is heavily wounded.
The jelly jiggles.
The jelly hits you.
You are splashed with acid!
You barely miss the jelly.
The jelly is heavily wounded.
The jelly hits you. The acid corrodes you!
You are splashed with acid!
* * * LOW HITPOINT WARNING * * *
You tentacle-slap the jelly but do no damage.
The acid corrodes you!
Your tentacles burn!
* * * LOW HITPOINT WARNING * * *
The jelly is heavily wounded.
Your transformation has ended.
You turn into a tree.
Your roots penetrate the ground.
The jelly hits you but does no damage.
You hit the jelly.
Your branches burn!
* * * LOW HITPOINT WARNING * * *
The jelly is severely wounded.
The jelly hits you.
* * * LOW HITPOINT WARNING * * *
You are splashed with acid!
You die...
Your body crumbles into a pile of gold.

..# ##...###.........
...## ####...)..#.........
.....##...................
.........................
. #.......................
..#.......................
............#.............
........$...##............
........J♣...##........#..
.......................#..
..........................
..........................
.............#####........
#...........## #.......#
##.........### ##..#...##
##..........## #..#....#
##.....###..###.......#


You could see a jelly.

Vanquished Creatures
  Grinder (D:4)
  3 adders
  2 gnolls
  2 ribbon worms (D:3)
  8 orcs
  7 bats
  7 endoplasms
  4 giant cockroaches
  5 hobgoblins
  6 jackals (D:1)
  4 quokkas
  7 ball pythons
  4 frilled lizards
  6 goblins
  6 kobolds
  7 rats
79 creatures vanquished.

Notes
Turn   | Place    | Note
-------+----------+-------------------------------------------
     0 | D:1      | GiantSquids the Octopode Shapeshifter began the quest for
                  | the Orb.
     0 | D:1      | Reached XP level 1. HP: 13/13 MP: 1/1
    24 | D:1      | Reached skill level 1 in Stealth
    53 | D:1      | Reached XP level 2. HP: 17/18 MP: 2/2
   226 | D:1      | Reached XP level 3. HP: 23/23 MP: 3/3
   665 | D:2      | Reached skill level 4 in Shapeshifting
   889 | D:2      | Reached XP level 4. HP: 20/28 MP: 4/4
  1677 | D:3      | Found an opulent altar of Gozag.
  1803 | D:3      | Became a worshipper of Gozag Ym Sagoz the Greedy
  1991 | D:3      | Reached XP level 5. HP: 29/33 MP: 5/5
  2197 | D:3      | Found a runed translucent gate.
  2197 | D:3      | Found a runed translucent gate.
  2197 | D:3      | Found a runed translucent gate.
  2517 | D:3      | Noticed bakla's ghost (weakling OpEE)
  2517 | D:3      | Noticed CathCeilingFan's ghost (amateur GrFE)
  2565 | D:3      | Found a snail-covered altar of Cheibriados.
  2672 | D:3      | Gained mutation: You expend magic power (3 MP) to
                  | strengthen your wands. [potion of mutation]
  2672 | D:3      | Gained mutation: You are strong-willed. (Will+) [potion of
                  | mutation]
  2744 | D:4      | Noticed Grinder
  2769 | D:4      | Killed Grinder
  2770 | D:4      | Reached skill level 6 in Shapeshifting
  2770 | D:4      | Reached XP level 6. HP: 16/38 MP: 6/6
  2864 | D:4      | HP: 1/57 [jelly (2)]
  2864 | D:4      | Splashed by a jelly's acid

Illustrated notes

Levels and vault maps discovered:
D:1:      dpeg_arrival_simpleton_a, layout_rooms, minmay_tetromino_o2
D:2:      layout_loops_ring, nicolae_grassy_gnolls
D:3:      layout_basic, grunt_gozag_breadcrumbs, lemuel_coloured_pillars_altar,
          gammafunk_ghost_cemetery, nicolae_the_louvre
D:4:      layout_layer_cave, uniq_grinder, uniq_robin

Skill      XL: |  1  2  3  4  5 |
---------------+----------------+-----
Stealth        | 1 2 3 4 |  4.0
Shapeshifting  | 4 6 |  6.0
Fighting       | |  1.0
Dodging        | |  2.0
Unarmed Combat | |  3.0

Action                     |  1- 3 |  4- 6 || total
---------------------------+-------+-------++-------
  Melee: Unarmed           |    53 |    76 ||   129
         Constrict         |    15 |    22 ||    37
         Tentacles         |     6 |    12 ||    18
         Punch             |     2 |     2 ||     4
    Use: Scroll            |       |    14 ||    14
         Potion            |       |     2 ||     2
   Stab: Sleeping          |     6 |    11 ||    17
 Armour: Skin              |    22 |    30 ||    52
  Dodge: Dodged            |    19 |    36 ||    55

Table legend: (Time is in decaauts)
 A = Elapsed time spent in this place.
 B = Non-inter-level travel time spent in this place.
 C = Inter-level travel time spent in this place.
 D = Time resting spent in this place.
 E = Time spent auto-exploring this place.
 F = Levels seen in this place.
 G = Mean time per level.
                   A        B        C        D        E       F      G
               +--------+--------+--------+--------+--------+-----+--------+
         Total |   2856 |   2805 |     51 |     95 |   2119 |   4 |  714.0 |
       Dungeon |   2856 |   2805 |     51 |     95 |   2119 |   4 |  714.0 |
               +--------+--------+--------+--------+--------+-----+--------+

Top non-repeatable levels by time:
     D:3: 1169 daAuts
     D:1: 746 daAuts
     D:2: 714 daAuts
     D:4: 225 daAuts
